 Dungeon Crawl Stone Soup version 0.30-a0-964-gd452b5e7fa (webtiles) character file.

Game seed: 17124065111053334224

4 Charly the Shield-Bearer (level 1, 0/18 HPs)
             Began as a Formicid Fighter on Mar 30, 2023.
             Succumbed to a kobold's poison
             ... on level 1 of the Dungeon.
             The game lasted 00:00:46 (98 turns).

Charly the Shield-Bearer (Formicid Fighter)           Turns: 98, Time: 00:00:47

Health: 0/18       AC:  6    Str: 20    XL:     1   Next: 66%
Magic:  1/1        EV:  9    Int:  7    God:
Gold:   3          SH:  5    Dex: 13    Spells: 0/0 levels left

rFire   . . .      SeeInvis +    a - +0 war axe
rCold   . . .      Faith    .    c - +0 buckler
rNeg    . . .      Spirit   .    b - +0 scale mail
rPois   .          Reflect  .    (helmet unavailable)
rElec   .          Rampage  .    (no cloak)
rCorr   .                        (no gloves)
Will    .....                    (no boots) Stlth
                                 (no amulet)
HPRegen 0.23/turn                (no ring)
MPRegen 0.07/turn                (no ring)

@: lethally poisoned (0 -> 0)
A: permanent stasis, dig shafts and tunnels, antennae 3, four strong arms
a: Dig, Shaft Self


You were on level 1 of the Dungeon.
You visited 1 branch of the dungeon, and saw 1 of its levels.

You collected 3 gold pieces.

Inventory:

Hand Weapons
 a - a +0 war axe (weapon)
Armour
 b - a +0 scale mail (worn)
 c - a +0 buckler (worn)
Scrolls
 e - a scroll of identify {unknown}
Potions
 d - a potion of might


   Skills:
 + Level 3.4 Fighting
 * Level 2.2 Axes
 - Level 3.2 Armour
 - Level 4.0 Shields


You couldn't memorise any spells.
You didn't know any spells.
Your spell library was empty.

Dungeon Overview and Level Annotations

Branches:
Dungeon (1/15)

Altars:


Innate Abilities, Weirdness & Mutations

You cannot be hasted, slowed, berserked, paralysed or teleported.
You can dig through walls and to a lower floor.
You have a pair of large antennae on your head. (SInv)
Your four strong arms can wield two-handed weapons with a shield.


Message History

Things that are here:
a +0 whip; 4 stones
There is an open door here.
You sense a monster nearby.
You open the door.
A kobold comes into view.
It is wielding a +0 short sword of venom.
The kobold shouts!
Okay, then.
You barely miss the kobold. You block the kobold's attack.
You barely miss the kobold. The kobold barely misses you.
You barely miss the kobold. You block the kobold's attack. x2
You closely miss the kobold.
The kobold hits you with a +0 short sword of venom.
You are poisoned.
You barely miss the kobold.
You feel sick. You block the kobold's attack.
The kobold hits you but does no damage.
You barely miss the kobold.
You feel sick.
The kobold hits you with a +0 short sword of venom.
You barely miss the kobold.
You feel sick. The kobold hits you but does no damage.
You are lethally poisoned!
You slash the kobold!
You kill the kobold!
* * * LOW HITPOINT WARNING * * *
You feel very sick.
Okay, then.
* * * LOW HITPOINT WARNING * * *
You feel sick.
* * * LOW HITPOINT WARNING * * *
You feel sick.
* * * LOW HITPOINT WARNING * * *
You feel sick.
* * * LOW HITPOINT WARNING * * *
You feel sick.
* * * LOW HITPOINT WARNING * * *
You feel sick.
Found a silvery potion.
* * * LOW HITPOINT WARNING * * *
You feel sick.
You die...

#...##.####.##.#.##.####.###
#.).........# #........†'.
###..####.## ##.####..#.
#.#.###.# #.###.#.#.
#.##.#.# #.#.##.## #.###.##
##.###.# #.##.#.## ##.#.##.#
#.#.###.# #.###.#.# #..# #@#
###.####..# +.....!...#
#..<......+
##.####.##.#.##.####.## #.#
#.# #.# .# #.##. .##.# #.#.
.#.# ... ... #.. .)# #+#


There were no monsters in sight!

Vanquished Creatures
  2 kobolds (D:1)
  A quokka (D:1)
  A goblin (D:1)
4 creatures vanquished.

Notes
Turn   | Place    | Note
-------+----------+-------------------------------------------
     0 | D:1      | Charly the Formicid Fighter began the quest for the Orb.
     0 | D:1      | Reached XP level 1. HP: 18/18 MP: 1/1
    98 | D:1      | Succumbed to a kobold's poison

Illustrated notes

Levels and vault maps discovered:
D:1:      roderic_octagonal_star, layout_rooms

Action                     || total
---------------------------++-------
  Melee: War axe           ||    13
 Armour: Scale mail        ||     4
  Dodge: Dodged            ||     2
  Block: Buckler           ||     4

Table legend: (Time is in decaauts)
 A = Elapsed time spent in this place.
 B = Non-inter-level travel time spent in this place.
 C = Inter-level travel time spent in this place.
 D = Time resting spent in this place.
 E = Time spent auto-exploring this place.
 F = Levels seen in this place.
 G = Mean time per level.
                   A        B        C        D        E       F      G
               +--------+--------+--------+--------+--------+-----+--------+
         Total |    103 |    103 |      0 |      6 |     55 |   1 |  103.0 |
       Dungeon |    103 |    103 |      0 |      6 |     55 |   1 |  103.0 |
               +--------+--------+--------+--------+--------+-----+--------+

Top non-repeatable levels by time:
     D:1: 103 daAuts
